 Dungeon Crawl Stone Soup version 0.10.4 character file.

355 Froggeryz the Chopper (level 5, -4/36 HPs)
             Began as an Octopode Berserker on Apr 28, 2022.
             Was a Priest of Trog.
             Slain by a centaur (6 damage)
             ... on Level 5 of the Dungeon.
             The game lasted 00:06:05 (3177 turns).

Froggeryz the Chopper (Octopode Berserker)          Turns: 3177, Time: 00:06:05

HP  -4/36        AC  2     Str 17      XL: 5   Next: 84%
MP   4/4         EV 12     Int  9      God: Trog [***...]
Gold 147         SH  9     Dex 12      Spells:  0 memorised,  4 levels left

Res.Fire  : . . .   See Invis. : .   A - -1,+3 orc hand axe
Res.Cold  : . . .   Warding    : . . x - +0 elf buckler
Life Prot.: . . .   Conserve   : .   (helmet restricted)
Res.Acid. : . . .   Res.Corr.  : .   (no amulet)
Res.Poison: .       Clarity    : .   e - +1 ring of protection
Res.Elec. : .       Spirit.Shd : .   g - ring of sustenance
Sust.Abil.: . .     Stasis     : .   (no ring)
Res.Mut.  : .       Ctrl.Telep.: .   (no ring)
Res.Rott. : .       Levitation : .   (no ring)
Saprovore : . . .   Ctrl.Flight: .   (no ring)
                                     (no ring)
                                     (no ring)

@: slightly resistant to hostile enchantments, fairly stealthy
A: almost no armour, amphibious, constrict 8, camouflage 1, tentacles 3, AC +1
a: Burn Spellbooks, Berserk, Trog's Hand, Renounce Religion


You were on level 5 of the Dungeon.
You worshipped Trog.
Trog was greatly pleased with you.
You were not hungry.

You visited 1 branch of the dungeon, and saw 5 of its levels.

You collected 127 gold pieces.

Inventory:

Hand weapons
 a - a +0,+0 hand axe {=f}
 A - a -1,+3 orcish hand axe (weapon)
Missiles
 b - 2 +0 throwing nets (quivered)
 y - 3 +0 needles of slowing
Armour
 x - a +0 elven buckler (worn)
Comestibles
 c - 5 bread rations
 d - 3 pears
 q - a meat ration
 r - 9 strawberries
 u - a cheese
Scrolls
 j - a scroll of curse jewellery {unknown}
 k - 2 scrolls of detect curse
 l - a scroll of recharging {unknown}
 n - 2 scrolls of curse armour {unknown}
 s - a scroll of fear {unknown}
 t - 4 scrolls of magic mapping {unknown}
 v - 2 scrolls of enchant weapon I {unknown}
 z - 3 scrolls of remove curse {unknown}
Jewellery
 e - a +1 ring of protection (on tentacle)
 g - a ring of sustenance (on tentacle)
Potions
 f - 3 potions of restore abilities {unknown}
 h - 2 potions of agility {unknown}
 i - a potion of degeneration {unknown}
 m - 2 potions of speed {unknown}
 o - 3 potions of curing {unknown}
 p - 3 potions of mutation {unknown}


   Skills:
 - Level 3.0 Fighting
 * Level 6.0 Axes
 - Level 3.4 Dodging
 * Level 2.8 Shields


You had 4 spell levels left.
You didn't know any spells.

Dungeon Overview and Level Annotations

Branches:
Dungeon (5/27)
 Temple: D:4-7

Altars:
Cheibriados
The Shining One


Innate Abilities, Weirdness & Mutations

You cannot wear most types of armour.
You can wear up to eight rings at the same time.
You are amphibious.
You can use your tentacles to constrict many enemies at once.
Your rubbery body absorbs attacks (AC +1).
Your skin changes colour to match your surroundings (Stlth).
You have a mass of large tentacles instead of arms.


Message History

There are monsters nearby!
You hit the centaur.
You squeeze the centaur, but do no damage.
The centaur is heavily wounded.
The centaur hits you.
Your shield prevents you from hitting the centaur.
Your squeeze misses the centaur.
The centaur is heavily wounded.
The centaur misses you. The centaur hits you!
* * * LOW HITPOINT WARNING * * *
You are too injured to fight blindly!
You are too injured to fight blindly!
You hit the centaur.
The centaur is almost dead.
The centaur hits you!
* * * LOW HITPOINT WARNING * * *
You barely miss the centaur.
The centaur is almost dead.
The centaur hits you.
You die...

###### ####### ## .......
#.....# #. [.....!
###.....######.
.......###.......#)...'.
.......c#...#.......####.
......).@.###...%.### #(
........### ###.### ##
....S.. #.# ###+### #.#
#.. ##+


You could see a centaur and an adder (sleeping).

Vanquished Creatures
  An orc priest (D:4)
  A worker ant (D:4)
  A scorpion (D:5)
  3 adders
  2 giant mites
  A giant gecko (D:3)
  2 oozes
  5 orcs
  A ball python (D:4)
  12 bats
  6 giant cockroaches
  10 hobgoblins
  5 giant newts
  7 goblins
  A hobgoblin skeleton (D:4)
  10 kobolds
  9 rats
77 creatures vanquished.

Notes
Turn   | Place    | Note
--------------------------------------------------------------
     0 | D:1      | Froggeryz, the Octopode Berserker, began the quest for the Orb.
     0 | D:1      | Reached XP level 1. HP: 16/16 MP: 0/0
   109 | D:1      | Reached XP level 2. HP: 21/21 MP: 1/1
   333 | D:1      | Reached skill level 4 in Axes
   656 | D:1      | Acquired Trog's second power
   656 | D:1      | Reached XP level 3. HP: 16/27 MP: 2/2
  1186 | D:2      | Found a glowing golden altar of the Shining One.
  1343 | D:2      | Reached skill level 5 in Axes
  1627 | D:3      | Reached XP level 4. HP: 27/32 MP: 3/3
  1643 | D:3      | Found a snail-covered altar of Cheibriados.
  2143 | D:4      | Reached skill level 1 in Shields
  2199 | D:4      | Reached XP level 5. HP: 21/36 MP: 4/4
  2924 | D:5      | Entered Level 5 of the Dungeon
  2976 | D:5      | Reached skill level 6 in Axes
  3177 | D:5      | Slain by a centaur
